Map: Acid Plant LE

Players

HeroMarine - Winner!

  • Race: Terran Terran
  • Spawn Location: 5:00

Silky

  • Race: Zerg Zerg
  • Spawn Location: 11:00

Event: WCS Montreal 2018

VOD

Have the link to the VOD?

Description

Time

  • Played on: Sept. 7, 2018, 3:32 p.m.
  • Length: 10:54

All games in this series

Show
View Real Time Build Order
Export as new Build Order

HeroMarine Terran - Winner!

Build Orders: Gas First Reaper Expand, Liberator Opening, Reaper Expand, MMM Bio 

Get SALT Encoding   

  12  0:00  SCV  
  13  0:13  SCV  
  14  0:17  Supply Depot  
  14  0:25  SCV  
  14  0:27  Refinery  
  15  0:38  SCV  
  16  0:44  Barracks  
  16  0:50  SCV  
  17  1:02  SCV  
  18  1:15  SCV  
  19  1:31  Reaper, Orbital Command  
  20  1:42  Command Center  
  20  1:53  Factory  
  20  1:56  SCV  
  21  2:04  Barracks Reactor  
  21  2:09  SCV  
  21  2:12  Supply Depot  
  22  2:15  Refinery  
  22  2:21  SCV  
  23  2:34  SCV  
  24  2:41  Starport  
  24  2:45  Hellion x2  
  24  2:46  SCV  
  24  2:49  Marine  
  30  2:54  Orbital Command  
  30  2:58  SCV  
  31  3:02  Liberator  
  31  3:08  Hellion x2  
  31  3:11  SCV  
  36  3:15  Barracks Tech Lab  
  39  3:23  SCV  
  39  3:24  SCV  
  41  3:31  Supply Depot  
  41  3:33  Hellion  
  43  3:36  Hellion  
  43  3:38  SCV  
  46  3:47  Stimpack  
  46  3:52  Marine  
  46  3:53  SCV x2  
  48  4:04  Command Center  
  48  4:06  SCV x2  
  50  4:18  SCV x2  
  50  4:21  Supply Depot  
  50  4:22  Factory Tech Lab  
  52  4:26  Starport Reactor  
  52  4:30  SCV  
  54  4:32  Supply Depot  
  54  4:33  SCV  
  54  4:35  Engineering Bay x2  
  54  4:43  SCV, Refinery  
  54  4:44  Refinery  
  55  4:45  Marine  
  55  4:46  SCV  
  55  4:49  Siege Tank  
  58  4:55  SCV  
  58  4:58  SCV  
  60  5:03  Terran Infantry Armor Level 1, Terran Infantry Weapons Level 1, Marine  
  61  5:07  SCV  
  61  5:09  Starport Reactor  
  61  5:10  SCV  
  58  5:15  Barracks  
  58  5:16  Barracks  
  46  5:21  Marine, Orbital Command  
  58  5:23  SCV  
  58  5:24  SCV  
  61  5:34  Siege Tank  
  61  5:35  SCV  
  65  5:36  SCV  
  65  5:39  Marine  
  67  5:44  Barracks  
  67  5:46  Barracks  
  67  5:47  SCV  
  67  5:48  SCV  
  67  5:49  Combat Shields  
  69  5:51  Orbital Command  
  69  5:53  Medivac x2  
  73  5:57  Supply Depot  
  73  5:58  Supply Depot  
  73  5:59  SCV  
  73  6:00  SCV  
  73  6:03  Marine x2  
  77  6:05  Marine  
  77  6:06  Marine x2  
  80  6:11  Siege Tank  
  80  6:14  SCV x2  
  85  6:19  SCV  
  85  6:21  Marine  
  87  6:26  SCV x2, Marine x4  
  87  6:27  Supply Depot x2  
  93  6:34  SCV  
  93  6:36  Barracks Reactor, Armory  
  93  6:38  SCV x2, Barracks Reactor  
  96  6:45  Marine x3  
  96  6:46  SCV, Marine  
  101  6:48  Marine  
  101  6:50  SCV x2  
  104  6:57  Supply Depot  
  104  6:58  SCV, Supply Depot  
  105  7:02  SCV x2  
  105  7:07  Marine x2  
  109  7:09  Marine  
  109  7:10  SCV, Marine  
  109  7:12  Refinery  
  109  7:14  SCV x2, Barracks  
  115  7:15  Barracks  
  115  7:17  Barracks  
  115  7:21  Marine  
  114  7:23  Terran Infantry Weapons Level 2  
  114  7:24  Terran Infantry Armor Level 2  
  114  7:27  Medivac, Siege Tank  
  114  7:29  Medivac  
  119  7:32  Marine x3  
  119  7:36  Terran Vehicle And Ship Armor Level 1  
  122  7:37  Supply Depot  
  122  7:39  Marine x3  
  125  7:45  Marauder, Marine x2  
  125  7:50  Marine x2, Supply Depot  
  125  7:51  Marine  
  131  8:00  Marine x3  
  131  8:01  Medivac, Siege Tank  
  131  8:02  Medivac  
  131  8:04  Barracks Tech Lab x2, Supply Depot  
  131  8:05  Barracks Tech Lab, Supply Depot x2  
  141  8:10  Supply Depot  
  141  8:15  Marine, Supply Depot  
  141  8:24  Marine x2  
  141  8:25  Marauder, Marine x3  
  141  8:26  Supply Depot  
  141  8:27  Marauder x2  
  141  8:28  Marauder, Marine  
  141  8:29  Marine  
  141  8:33  Marine  
  142  8:42  Marine x2  
  142  8:44  Medivac x2, Siege Tank  
  142  8:46  Marauder  
  143  8:49  Marauder x3, Marine  
  143  8:50  Marine x4  
  143  8:52  Marine  
  155  8:59  Marine  
  155  9:00  Marine  
  155  9:01  Liberator  
  155  9:02  Liberator  
  157  9:07  Marauder, Marine x2  
  157  9:08  Marine  
  162  9:10  Marauder x3  
  162  9:16  Siege Tank  
  162  9:17  Marine x3  
  171  9:21  Concussive Shells  
  180  9:29  Marauder  
  179  9:31  Marauder x2  
  179  9:32  Marauder  
  179  9:33  Marine x2  
  179  9:36  Marine x3  
  179  9:37  Marine x2  
  180  9:38  Marine  
  161  9:50  Marine x2  
  161  9:51  Marine  
  153  9:52  Marine  
  153  9:53  Marauder x2  
  153  9:54  Marine x2  
  153  9:58  Marine x2  
  162  10:01  Marine x2  
  160  10:08  Marauder, Marine  
  160  10:11  Marauder  
  160  10:13  Marine  
  160  10:14  Marauder x2, Marine x2  
  135  10:16  Marine  
  132  10:22  Marine x2  
  132  10:23  Marine  
  132  10:26  Marine  
  136  10:29  Marauder  
  136  10:32  Marauder, Marine x2  
Show
View Real Time Build Order
Export as new Build Order

Silky Zerg 

Build Orders: Hatch First 

Get SALT Encoding   

  12  0:00  Drone  
  13  0:13  Overlord  
  13  0:17  Drone  
  14  0:31  Drone x2  
  16  0:48  Hatchery  
  15  0:51  Drone  
  15  0:54  Drone  
  17  0:58  Drone  
  18  1:09  Extractor  
  17  1:13  Spawning Pool  
  17  1:17  Drone  
  17  1:20  Drone  
  18  1:28  Drone  
  19  1:39  Drone  
  20  1:49  Overlord  
  20  2:00  Zergling x2, Queen x2  
  20  2:01  Zergling x2  
  26  2:09  Metabolic Boost  
  26  2:11  Drone  
  26  2:12  Drone  
  28  2:30  Hatchery  
  28  2:32  Drone  
  28  2:35  Drone  
  29  2:42  Queen  
  31  2:45  Drone  
  31  2:50  Overlord  
  32  2:53  Drone  
  32  2:58  Drone x2  
  35  3:00  Drone  
  36  3:13  Queen  
  36  3:14  Drone, Baneling Nest  
  36  3:15  Drone  
  39  3:23  Queen  
  42  3:27  Zergling x4  
  42  3:31  Overlord  
  43  3:34  Drone  
  43  3:41  Overlord  
  44  3:43  Queen  
  44  3:44  Drone  
  44  3:46  Drone  
  48  3:58  Drone  
  48  3:59  Drone x2  
  48  4:02  Zergling x4  
  52  4:03  Drone x2  
  52  4:04  Drone x2  
  52  4:06  Baneling x2  
  52  4:07  Baneling x2  
  57  4:10  Zergling x2  
  57  4:12  Drone  
  57  4:16  Extractor x2  
  56  4:17  Overlord  
  56  4:18  Drone  
  56  4:22  Drone x2  
  56  4:23  Drone  
  60  4:25  Drone  
  60  4:26  Drone  
  63  4:31  Drone x3  
  63  4:35  Overlord  
  65  4:39  Lair  
  65  4:45  Spore Crawler  
  63  4:54  Queen  
  63  4:55  Drone  
  63  4:57  Drone  
  63  4:58  Drone x4  
  69  5:14  Drone  
  69  5:15  Drone x6  
  69  5:18  Extractor  
  75  5:22  Extractor  
  75  5:23  Drone x5  
  75  5:26  Drone x2  
  81  5:29  Evolution Chamber  
  81  5:31  Evolution Chamber  
  79  5:37  Centrifical Hooks  
  79  5:41  Drone  
  79  5:42  Spore Crawler  
  79  5:45  Zergling x2  
  79  5:46  Zergling x2  
  79  5:47  Overlord x2  
  81  5:57  Zerg Ground Armor Level 1  
  81  6:00  Hatchery  
  81  6:02  Zerg Melee Weapons Level 1  
  81  6:03  Zergling x2  
  81  6:04  Overlord  
  81  6:06  Drone  
  81  6:07  Drone x2  
  81  6:08  Zergling x2  
  81  6:09  Zergling x2  
  86  6:12  Zergling x4  
  86  6:13  Zergling x2  
  86  6:14  Overseer  
  86  6:17  Zergling x6  
  92  6:20  Zergling x6  
  92  6:23  Zergling x4  
  97  6:27  Zergling x2  
  97  6:30  Overlord  
  97  6:32  Zergling x4  
  100  6:34  Zergling x2  
  100  6:35  Zergling x2  
  100  6:38  Drone  
  100  6:39  Zergling x2, Hydralisk Den  
  104  6:40  Zergling x2  
  104  6:42  Drone, Overlord  
  104  6:43  Spore Crawler  
  104  6:45  Zergling x2  
  105  6:56  Zergling x6  
  108  7:03  Zergling x10  
  108  7:07  Zergling x8  
  116  7:13  Grooved Spines, Drone x2  
  116  7:14  Drone  
  116  7:15  Infestation Pit, Queen  
  118  7:21  Drone x2  
  122  7:29  Drone  
  124  7:30  Drone x3  
  124  7:33  Drone  
  124  7:35  Hatchery  
  126  7:38  Zergling x2  
  126  7:40  Overlord x2  
  126  7:41  Overlord  
  126  7:43  Baneling x5  
  126  7:44  Baneling x4  
  127  7:47  Overlord  
  127  7:51  Overlord  
  127  7:53  Baneling x2  
  127  7:54  Baneling x3  
  127  7:57  Queen  
  127  7:59  Hive  
  127  8:01  Drone x7  
  127  8:02  Drone, Zergling x2  
  127  8:04  Zergling x6  
  139  8:07  Overlord  
  139  8:11  Baneling x6  
  138  8:13  Zergling x2  
  138  8:14  Zergling x10  
  137  8:29  Hatchery  
  137  8:30  Drone x4  
  137  8:31  Extractor  
  137  8:32  Drone x2  
  137  8:33  Extractor, Zergling x6  
  142  8:34  Zergling x2  
  142  8:38  Zerg Melee Weapons Level 2, Zerg Ground Armor Level 2  
  142  8:40  Zergling x10  
  146  8:43  Zergling x2  
  146  8:48  Zergling x10  
  150  8:50  Baneling x3  
  150  8:54  Zergling x6  
  152  9:08  Drone x2  
  152  9:09  Zergling x12  
  161  9:10  Zergling x12  
  161  9:11  Viper x2  
  172  9:18  Ultralisk Cavern  
  172  9:20  Baneling x3  
  172  9:21  Baneling x14  
  172  9:23  Zergling x4  
  173  9:25  Overlord  
  173  9:28  Overlord  
  150  9:40  Zergling x2  
  150  9:41  Zergling x30  
  151  9:46  Zergling x6  
  151  9:47  Zergling x8  
  151  9:50  Zergling x8  
  156  9:56  Hydralisk x2  
  156  9:57  Hydralisk  
  162  10:02  Zergling x12  
  162  10:03  Zergling x2  
  138  10:16  Hydralisk x5  
  138  10:17  Hydralisk x3  
  129  10:23  Hydralisk  
  129  10:24  Hydralisk  
  129  10:27  Zergling x6  
  135  10:34  Zergling x14  
Tags
 
Add a new tag
Caveats
  • Supply blocks, unpowered buildings, or Contaminate may cause inaccurate times.
  • Supply counts are checked every 10 seconds.